 Dungeon Crawl Stone Soup version 0.18-a0-1273-g8ec5f8e (webtiles) character file.

252580 4thArraOfDagon the Shatterer (level 19, -11/261 HPs)
             Began as an Ogre Hunter on Feb 7, 2016.
             Was a High Priest of Cheibriados.
             Killed from afar by a deep elf annihilator (65 damage)
             ... with a crystal spear
             ... on level 3 of the Elven Halls.
             The game lasted 01:51:23 (18205 turns).

4thArraOfDagon the Shatterer (Ogre Hunter)         Turns: 18205, Time: 01:51:23

Health: -11/261    AC: 29    Str: 44    XL:     19   Next: 69%
Magic:  9/27       EV: 22    Int: 27    God:    Cheibriados [*****.]
Gold:   277        SH:  2    Dex: 25    Spells: 2 memorised, 20 levels left

rFire  + . .     SeeInvis .     H - +7 mace of Bread {crush, Str+3}
rCold  + . .     Gourm    .     (armour currently unavailable)
rNeg   + . .     Faith    .     (no shield)
rPois  ∞         Spirit   .     (helmet restricted)
rElec  +         Dismiss  .     L - +2 cloak
rCorr  .         Reflect  .     (gloves unavailable)
SustAt .         Harm     .     (boots unavailable)
MR     +....     Clarity  +     V - amulet of regeneration
Stlth  +++.......               b - ring of protection from cold
                                B - ring of Honesty {Str+5 Stlth+}

@: statue-form, very slightly contaminated, invisible, very slow, somewhat
resistant to hostile enchantments, fairly stealthy
A: unfitting armour, large bone plates 1, blurry vision 1, clarity, clever 1,
deterioration 1, fire resistance 1, low mp 1, (shaggy fur 0), (tough skin 0),
weak 2
a: End Transformation, Bend Time, Temporal Distortion, Slouch, Step From Time,
Renounce Religion
}: 2/15 runes: decaying, serpentine


You were on level 3 of the Elven Halls.
You worshipped Cheibriados.
Cheibriados was extremely pleased with you.
You were not hungry.
You were a stone statue.
You visited 6 branches of the dungeon, and saw 36 of its levels.
You visited the Abyss 1 time.
You also visited: Labyrinth and Sewer.

You collected 2756 gold pieces.
You spent 2479 gold pieces at shops.

Inventory:

Hand Weapons
 d - a +0 giant spiked club
 m - a +0 eveningstar of distortion
 H - the +7 mace of Bread (weapon) {crush, Str+3}
   (You found it on level 10 of the Dungeon)

   It inflicts extra damage upon your enemies.
   It affects your strength (+3).
 I - a +0 blowgun of evasion
Missiles
 C - 2 large rocks (quivered)
 N - 12 curare-tipped needles
Armour
 q - a +1 troll leather armour (melded)
 D - a +2 shield of protection
 L - a +2 cloak (worn)
Magical Staves
 t - an uncursed staff of wizardry {!a}
Jewellery
 b - a ring of protection from cold (right hand)
 h - an uncursed ring of positive energy
 B - the ring of Honesty (left hand) {Str+5 Stlth+}
   (You took it off a minotaur in a labyrinth)

   [ring of stealth]

   It affects your strength (+5).
   It makes you more stealthy.
 V - an amulet of regeneration (around neck)
 W - the amulet "Sanifoem" {RegenMP Str+4 Dex+3 SInv}
   (You bought it in a shop on level 3 of the Snake Pit)

   [amulet of magic regeneration]

   It increases your magic regeneration.
   It affects your strength (+4).
   It affects your dexterity (+3).
   It lets you see invisible.
 Z - the cursed ring "Mudghyav" {rF+ rC+ Int-2 Stlth+}
   (You bought it in a shop on level 3 of the Snake Pit)

   [ring of intelligence]

   It affects your intelligence (-2).
   It protects you from fire.
   It protects you from cold.
   It makes you more stealthy.
   It has a curse placed upon it.
Wands
 c - a wand of random effects (31/48)
 j - a wand of polymorph (3/24)
 S - a wand of iceblast (7/15)
Scrolls
 e - 2 scrolls of fog
 k - 4 scrolls of teleportation
 l - a scroll of holy word
 s - 8 scrolls of enchant weapon
 u - 3 scrolls of magic mapping
 z - 2 scrolls of fear
 A - 3 scrolls of vulnerability
 E - a scroll of silence
 F - 4 scrolls of remove curse
 M - 3 scrolls of torment
 O - a scroll of identify
 T - 2 scrolls of recharging
 U - a scroll of immolation
 Y - 3 scrolls of blinking
Potions
 i - 3 potions of heal wounds
 o - 10 potions of brilliance
 p - 2 potions of flight
 r - 6 potions of curing
 v - 2 potions of might
 x - 3 potions of magic
 G - 2 potions of ambrosia
 J - a potion of cancellation
 P - 2 potions of agility
 R - 2 potions of lignification
Miscellaneous
 a - a phial of floods
 y - a phantom mirror
 K - a sack of spiders {used: 1}
 Q - a plain deck of destruction {drawn: 1}
 X - a plain deck of changes {drawn: 2}
Comestibles
 f - 21 bread rations
 g - 7 meat rations
 n - 13 fruits


   Skills:
 - Level 15.5 Fighting
 - Level 23.5 Maces & Flails
 - Level 4.0 Throwing
 - Level 12.2 Dodging
 - Level 0.7 Stealth
 * Level 10.0 Shields
 - Level 8.0 Spellcasting
 - Level 8.1 Transmutations
 - Level 7.8 Earth Magic
 - Level 12.2 Invocations


You had 20 spell levels left.
You knew the following spells:

 Your Spells              Type           Power        Failure   Level  Hunger
a - Statue Form           Trmt/Erth      ######...    38%         6    ######.
b - Controlled Blink      Tloc           N/A          100%        8    #######


Dungeon Overview and Level Annotations

Branches:
Dungeon (15/15)            Temple (0/1) D:7            Lair (8/8) D:10
  Swamp (4/4) Lair:3        Snake (4/4) Lair:3        Slime (0/6) Lair:6
    Orc (2/2) D:11            Elf (3/3) Orc:2        Vaults (0/5) D:13
 Depths (0/5) D:15

Altars:
Ashenzari
Cheibriados
Dithmenos
Elyvilon
Makhleb
Nemelex Xobeh
Sif Muna
Vehumet
Xom
Zin
The Shining One

Shops:
D:10 *   Orc:2 !*[=(   Elf:1 ?   Snake:3 =   Snake:4 *

Portals:
Trove: D:15 (give +6 ice dragon armour)

Annotations:
D:6 exclusion: statue
D:12 1 runed door
Lair:3 SNAKE


Innate Abilities, Weirdness & Mutations

You are too large for most types of armour.
((You have tough skin (AC +1).))
(You are partially covered in large bone plates (AC +2, SH +2).)
Scrolls take you a little longer to read.
You possess an exceptional clarity of mind.
Your mind is acute. (Int +2)
Your body sometimes deteriorates upon taking damage.
Your flesh is heat resistant.
Your magical capacity is low (-10% MP).
((You are covered in fur (AC +1).))
You are very weak. (Str -4)


Message History

Unknown command.
Unknown command.
Throwing (i - inventory):
C - 4 large rocks (quivered)
Press: ? - help, Shift-Dir - straight line, f/p - deep elf annihilator
Aim: a deep elf annihilator, wielding a long sword and wearing a leather armour (moderately wounded)
You throw a large rock.
The large rock hits the deep elf annihilator!!!
The deep elf annihilator is almost dead.
The deep elf annihilator casts a spell.
The deep elf annihilator blinks!
Unknown command.
Unknown command.
Throwing (i - inventory):
C - 3 large rocks (quivered)
Press: ? - help, Shift-Dir - straight line, f/p - deep elf annihilator
Aim: a deep elf annihilator, wielding a long sword and wearing a leather armour (almost dead)
You throw a large rock.
The large rock closely misses the deep elf annihilator.
The deep elf annihilator casts a spell at you.
The crystal spear hits you!
You die...

#)# #(# #)#
#(# ##(##
#))(# #.(e#
##.## #8# #.#
#(# ##(# #.(#
##.#
#)#########
######
#.........#
##.....##
#####.....###


You could see a deep elf annihilator.

Vanquished Creatures
  Nikola (Snake:2)
  2 deep elf master archers (Elf:3)
  A thorn hunter (Swamp:3)
  7 greater nagas
  An orc warlord (Orc:2)
  3 deep elf sorcerers
  2 deep elf elementalists (Elf:3)
  A very ugly thing (Swamp:1)
  6 dire elephants (Lair:8)
  3 deep elf demonologists
  3 deep elf death magi
  3 fire dragons (Swamp:4)
  Josephine (Orc:1)
  A minotaur (Lab)
  The ghost of dvd the Eclecticist, a journeyman DESu of Sif Muna (Orc:1)
  A deep elf high priest (Elf:3)
  2 catoblepae
  7 anacondas
  16 hydras
  17 naga warriors
  A ghost crab (Swamp:4)
  24 dancing weapons
  6 orc high priests
  4 alligators
  6 death yaks (Lair:7)
  3 tengu warriors
  4 naga sharpshooters
  4 shock serpents
  Urug (Lair:4)
  13 deep elf knights
  4 salamander mystics
  5 spriggan druids
  10 swamp dragons
  2 unseen horrors
  2 fire crabs (Swamp:4)
  A shambling mangrove (Swamp:2)
  An unseen horror (shapeshifter) (D:10)
  A hill giant (D:10)
  10 deep elf archers
  5 naga ritualists
  5 orc knights
  A lindwurm (Swamp:3)
  61 deep elf magi
  A harpy (D:12)
  5 mana vipers
  5 orc sorcerers
  A manticore (D:14)
  3 ugly things (D:15)
  2 wizards (D:13)
  2 griffons
  2 salamanders
  5 cyclopes
  10 guardian serpents
  9 elephants (Lair:8)
  29 black mambas
  13 naga magi
  14 spiny frogs
  2 smoke demons (Abyss:5)
  8 komodo dragons
  5 fire drakes
  A hellwing (Abyss:5)
  9 trolls
  A tengu conjurer (D:13)
  3 bog bodies
  6 giant leeches
  7 blink frogs
  25 slime creatures
  3 two-headed ogres
  2 air elementals
  2 shadows
  A ynoxinul (Abyss:5)
  5 wraiths
  2 spriggans
  2 water elementals (Elf:1)
  28 yaks
  A vampire (D:15)
  2 wyverns
  5 basilisks
  2 fire elementals (Elf:3)
  A hungry ghost (D:15)
  10 hippogriffs
  A steam dragon (D:10)
  A golden eye (shapeshifter) (Elf:1)
  12 vampire mosquitoes
  3 large abominations (Abyss:5)
  3 mottled dragons
  14 swamp worms
  20 insubstantial wisps
  4 wargs
  51 nagas
  Duvessa (D:7)
  14 water moccasins
  6 porcupines
  11 swamp drakes
  25 orc warriors
  An ice beast (D:10)
  2 wasps
  7 ogres
  2 sky beasts
  An eye of draining (D:10)
  4 crocodiles
  4 centaurs
  2 big kobolds (D:10)
  7 giant frogs
  An earth elemental (Elf:1)
  Dowan (D:7)
  A water moccasin zombie (D:12)
  4 scorpions
  7 killer bees
  A troll skeleton (D:10)
  4 spriggan skeletons (D:10)
  16 wights
  An electric eel (Lair:2)
  6 crimson imps
  A small abomination (Abyss:5)
  4 centaur zombies
  2 jellies
  12 orc priests
  7 hounds
  10 orc wizards
  4 centaur skeletons
  5 giant frog skeletons
  4 iguanas
  6 hell rats (Lair:2)
  6 worker ants
  6 sheep
  3 hound zombies (D:5)
  2 hound skeletons
  6 gnolls
  2 worker ant zombies
  25 river rats
  13 adders
  4 shadow imps
  8 oozes
  An adder skeleton (D:4)
  4 worms
  3 giant geckos
  80 orcs
  5 ball pythons
  4 giant cockroaches
  A goblin (D:3)
  5 hobgoblins
  9 jackals
  30 kobolds
  2 quokkas
  3 bats
  2 giant gecko skeletons
  2 giant newts
  A quokka skeleton (D:6)
  3 rats
  2 crawling corpses (Elf:3)
  5 plants (Lair:8)
1017 creatures vanquished.

Vanquished Creatures (collateral kills)
  A deep elf archer (Elf:3)
1 creature vanquished.

Vanquished Creatures (others)
  A deep elf high priest (Elf:3)
  An anaconda (Snake:3)
  2 deep elf knights
  A deep elf mage (Elf:3)
  A drowned soul (Abyss:4)
  A steam dragon (Swamp:4)
  A vampire mosquito (Swamp:4)
  A naga (Snake:4)
  A swamp drake (Swamp:4)
  A wasp (Swamp:4)
  20 fungi
  5 plants (Lair:8)
36 creatures vanquished.

Grand Total: 1054 creatures vanquished

Notes
Turn   | Place    | Note
--------------------------------------------------------------
     0 | D:1      | 4thArraOfDagon the Ogre Hunter began the quest for the Orb.
     0 | D:1      | Reached XP level 1. HP: 22/22 MP: 1/1
   159 | D:2      | Reached XP level 2. HP: 28/31 MP: 2/2
   258 | D:2      | Reached skill level 1 in Maces & Flails
   497 | D:3      | Reached XP level 3. HP: 29/37 MP: 3/3
   688 | D:4      | Reached XP level 4. HP: 23/45 MP: 4/4
   770 | D:4      | Reached skill level 5 in Maces & Flails
   771 | D:4      | Reached XP level 5. HP: 15/53 MP: 5/5
   874 | D:3      | Found a shimmering altar of Xom.
   922 | D:4      | Reached skill level 6 in Maces & Flails
   980 | D:5      | Entered Level 5 of the Dungeon
  1024 | D:6      | Found a snail-covered altar of Cheibriados.
  1043 | D:6      | Became a worshipper of Cheibriados the Contemplative
  1056 | D:6      | Found a burning altar of Makhleb.
  1070 | D:6      | Reached skill level 7 in Maces & Flails
  1070 | D:6      | Reached XP level 6. HP: 56/61 MP: 6/6
  1256 | D:7      | Reached skill level 8 in Maces & Flails
  1312 | D:6      | Reached skill level 9 in Maces & Flails
  1312 | D:6      | Reached XP level 7. HP: 30/67 MP: 7/7
  1372 | D:6      | Found a radiant altar of Vehumet.
  1448 | D:5      | Found a glowing drain.
  1496 | D:5      | Reached * piety under Cheibriados
  1507 | Sewer    | Entered a sewer
  1756 | Sewer    | Reached ** piety under Cheibriados
  1810 | D:5      | Reached skill level 1 in Invocations
  2176 | D:3      | Found a white marble altar of Elyvilon.
  2181 | D:3      | You fall through a shaft for 3 floors!
  2231 | D:6      | Reached skill level 10 in Maces & Flails
  2231 | D:6      | Reached XP level 8. HP: 75/79 MP: 9/9
  2301 | D:6      | Found a radiant altar of Vehumet.
  2452 | D:5      | Reached *** piety under Cheibriados
  2511 | D:7      | Noticed an angel
  2522 | D:7      | Found a staircase to the Ecumenical Temple.
  2545 | D:7      | Noticed a rust devil
  2625 | D:7      | Noticed Duvessa
  2626 | D:7      | Noticed Dowan
  2634 | D:7      | Killed Duvessa
  2713 | D:7      | Killed Dowan
  2713 | D:7      | Reached skill level 5 in Fighting
  2838 | D:7      | Reached skill level 11 in Maces & Flails
  2871 | D:7      | Found a burning altar of Makhleb.
  2968 | D:8      | Found a shadowy altar of Dithmenos.
  3003 | D:8      | Reached XP level 9. HP: 66/89 MP: 10/12
  3107 | D:8      | Found a sparkling altar of Nemelex Xobeh.
  3111 | D:8      | Found a glowing golden altar of the Shining One.
  3118 | D:8      | Found a deep blue altar of Sif Muna.
  3332 | D:9      | Reached **** piety under Cheibriados
  3335 | D:9      | Noticed a troll
  3341 | D:9      | Killed a troll
  3390 | D:9      | Found a shattered altar of Ashenzari.
  3563 | D:9      | Reached skill level 12 in Maces & Flails
  3601 | D:10     | Entered Level 10 of the Dungeon
  3794 | D:7      | Found a glowing silver altar of Zin.
  3803 | D:7      | Reached skill level 5 in Invocations
  3928 | D:10     | Found Xoti's Demolitions Depot.
  4015 | D:10     | Reached skill level 13 in Maces & Flails
  4015 | D:10     | Reached XP level 10. HP: 37/102 MP: 14/14
  4036 | D:10     | Got a slimy mace
  4037 | D:10     | Identified the +7 mace of Bread {crush, Str+3} (You found it on level 10 of the Dungeon)
  4058 | D:10     | Killed an unseen horror
  4058 | D:10     | Reached skill level 5 in Dodging
  4187 | D:10     | Found a staircase to the Lair.
  4239 | D:11     | Noticed a four-headed hydra
  4380 | D:10     | Noticed a hill giant
  4388 | D:10     | Killed a hill giant
  4458 | D:10     | Reached skill level 14 in Maces & Flails
  4714 | D:11     | Reached ***** piety under Cheibriados
  4789 | D:12     | Noticed Sonja
  4795 | D:12     | Found a glowing golden altar of the Shining One.
  4797 | D:12     | Found a runed door.
  4797 | D:12     | Noticed an angel
  4811 | D:12     | Noticed Sonja
  4811 | D:12     | Sonja changed into Sonja the harpy
  4818 | D:12     | Killed Sonja the harpy
  4853 | D:12     | Reached XP level 11. HP: 70/115 MP: 10/16
  5013 | D:13     | Noticed a deep elf mage
  5021 | D:13     | Killed a deep elf mage
  5122 | D:13     | Reached skill level 15 in Maces & Flails
  5246 | D:15     | Entered Level 15 of the Dungeon
  5246 | D:15     | Noticed a cyclops
  5246 | D:15     | Noticed a green ugly thing
  5246 | D:15     | Noticed a green ugly thing
  5250 | D:15     | Noticed a green ugly thing
  5255 | D:15     | Killed a brown ugly thing
  5256 | D:15     | Killed a green ugly thing
  5258 | D:15     | Killed a cyclops
  5258 | D:15     | Reached skill level 10 in Fighting
  5259 | D:15     | Killed a green ugly thing
  5296 | D:15     | Found a labyrinth entrance.
  5302 | D:15     | Gained mutation: You have a somewhat thin skeletal structure (Dex +2, Stealth). [mutagenic meat]
  5303 | D:15     | Gained mutation: Your magical capacity is low (-10% MP). [mutagenic meat]
  5304 | D:15     | Gained mutation: Your mind is acute. (Int +2) [mutagenic meat]
  5305 | D:15     | Gained mutation: You are weak. (Str -2) [mutagenic meat]
  5309 | D:15     | Noticed a cyclops
  5314 | D:15     | Killed a cyclops
  5341 | Lab      | Entered a labyrinth
  5450 | Lab      | Noticed a minotaur
  5467 | Lab      | Killed a minotaur
  5493 | Lab      | Got a flickering granite ring
  5507 | Lab      | Identified the ring of Honesty {Str+5 Stlth+} (You took it off a minotaur in a labyrinth)
  5520 | D:15     | Noticed a cyclops
  5541 | D:15     | Killed a cyclops
  5577 | D:15     | Found a portal to a secret trove of treasure.
  5600 | D:15     | Reached skill level 16 in Maces & Flails
  5686 | D:14     | Noticed a cyclops
  5690 | D:14     | Killed a cyclops
  5692 | D:14     | Noticed a manticore
  5693 | D:14     | Killed a manticore
  5693 | D:14     | Reached XP level 12. HP: 96/128 MP: 16/16
  5888 | D:15     | Noticed a five-headed hydra
  5895 | D:15     | Killed a five-headed hydra
  5964 | D:14     | Noticed a tengu warrior
  5964 | D:14     | Noticed a tengu warrior
  6073 | D:14     | Killed a tengu warrior
  6080 | D:14     | Killed a tengu warrior
  6106 | D:14     | Reached skill level 17 in Maces & Flails
  6325 | D:14     | Reached skill level 1 in Shields
  6357 | D:14     | Noticed a deep elf knight
  6362 | D:14     | Killed a deep elf knight
  6467 | D:13     | Noticed a tengu warrior
  6481 | D:13     | Killed a tengu warrior
  6625 | D:13     | Reached XP level 13. HP: 137/139 MP: 18/18
  6627 | D:13     | Found a gate to the Vaults.
  6764 | D:12     | Reached skill level 10 in Invocations
  6868 | D:11     | Found a staircase to the Orcish Mines.
  6925 | Orc:1    | Entered Level 1 of the Orcish Mines
  7050 | Orc:1    | Noticed dvd's ghost (journeyman DESu)
  7053 | Orc:1    | Noticed Josephine
  7061 | Orc:1    | Killed Josephine
  7063 | Orc:1    | Reached skill level 18 in Maces & Flails
  7074 | Orc:1    | Killed dvd's ghost
  7128 | Orc:2    | Entered Level 2 of the Orcish Mines
  7229 | Orc:2    | Noticed an orc warlord
  7304 | Orc:2    | Found Ovybla Gune's Antique Weapon Shop.
  7462 | Orc:2    | Found Vetruwora's Antique Armour Boutique.
  7643 | Orc:2    | Killed an orc warlord
  7683 | Orc:2    | Found Bamo Warr's Distillery.
  7725 | Orc:2    | Found Ypyd Sirch's General Store.
  7780 | Orc:2    | Bought a scroll of identify for 28 gold pieces
  7804 | Orc:2    | Bought a potion of agility for 56 gold pieces
  7804 | Orc:2    | Bought a potion of heal wounds for 70 gold pieces
  7804 | Orc:2    | Bought a potion of magic for 112 gold pieces
  7804 | Orc:2    | Bought a potion of curing for 42 gold pieces
  7804 | Orc:2    | Bought a potion of experience for 700 gold pieces
  7804 | Orc:2    | Bought a potion of lignification for 42 gold pieces
  7804 | Orc:2    | Bought a potion of agility for 56 gold pieces
  7804 | Orc:2    | Bought 2 potions of curing for 84 gold pieces
  7804 | Orc:2    | Reached skill level 19 in Maces & Flails
  7804 | Orc:2    | Reached skill level 5 in Shields
  7804 | Orc:2    | Reached XP level 14. HP: 149/153 MP: 18/20
  7820 | Orc:2    | Found Kutig's Jewellery Boutique.
  7825 | Orc:2    | Found a staircase to the Elven Halls.
  8232 | Elf:1    | Entered Level 1 of the Elven Halls
  8380 | Elf:1    | Reached XP level 15. HP: 107/159 MP: 21/21
  8474 | Elf:1    | Found Nyjaff's Magic Scroll Shop.
  8557 | Elf:1    | Noticed a deep elf sorcerer
  8568 | Elf:1    | Gained mutation: You are very weak. (Str -4) [a neqoxec]
  8569 | Elf:1    | Lost mutation: You have a somewhat thin skeletal structure (Dex +2, Stealth). [a neqoxec]
  8570 | Elf:1    | Killed a deep elf sorcerer
  8609 | Elf:1    | Identified the Reference Book on Flamy Battle Magic
  8812 | Elf:2    | Reached skill level 10 in Dodging
  8824 | Elf:3    | Entered Level 3 of the Elven Halls
  9023 | Elf:2    | Reached skill level 20 in Maces & Flails
  9191 | Elf:2    | Found a runed gate.
  9191 | Elf:2    | Found a runed gate.
  9192 | Elf:2    | Found a runed gate.
  9783 | Orc:2    | Bought a +5 amulet of reflection for 300 gold pieces
  9804 | Orc:2    | Reached XP level 16. HP: 172/172 MP: 22/22
  9897 | Lair:1   | Entered Level 1 of the Lair of Beasts
 10039 | Lair:3   | Gained mutation: Your body sometimes deteriorates upon taking damage. [potion of mutation]
 10039 | Lair:3   | Gained mutation: You are partially covered in large bone plates (AC +2, SH +2). [potion of mutation]
 10039 | Lair:3   | Gained mutation: Your flesh is heat resistant. [potion of mutation]
 10070 | Lair:2   | You fall through a shaft!
 10285 | Lair:3   | Found a staircase to the Swamp.
 10520 | Lair:8   | Entered Level 8 of the Lair of Beasts
 10583 | Lair:8   | Reached skill level 21 in Maces & Flails
 10638 | Lair:8   | Reached ****** piety under Cheibriados
 11284 | Lair:8   | Learned a level 6 spell: Statue Form
 11464 | Lair:8   | Reached skill level 1 in Earth Magic
 11493 | Lair:7   | Reached skill level 1 in Spellcasting
 11512 | Lair:7   | Reached skill level 1 in Transmutations
 11695 | Lair:7   | Reached skill level 22 in Maces & Flails
 11739 | Lair:6   | Found a staircase to the Slime Pits.
 11811 | Lair:4   | Noticed Urug
 11818 | Lair:4   | Killed Urug
 11843 | Lair:4   | Gained mutation: You possess an exceptional clarity of mind. [potion of beneficial mutation]
 11868 | Lair:4   | Gained mutation: You are covered in fur (AC +1). [potion of mutation]
 11868 | Lair:4   | Gained mutation: Scrolls take you a little longer to read. [potion of mutation]
 12006 | Swamp:1  | Entered Level 1 of the Swamp
 12507 | Swamp:3  | Reached XP level 17. HP: 177/180 MP: 19/23
 12712 | Swamp:3  | Learned a level 8 spell: Controlled Blink
 12827 | Swamp:4  | Entered Level 4 of the Swamp
 13559 | Swamp:4  | Reached skill level 5 in Earth Magic
 13586 | Swamp:4  | Reached skill level 5 in Transmutations
 13801 | Swamp:3  | Reached skill level 5 in Spellcasting
 14223 | Swamp:4  | Got a decaying rune of Zot
 14412 | Lair:3   | Found a staircase to the Snake Pit.
 14426 | Snake:1  | Entered Level 1 of the Snake Pit
 14795 | Snake:2  | Noticed Nikola
 14803 | Snake:2  | Killed Nikola
 14964 | Snake:3  | Reached XP level 18. HP: 129/189 MP: 18/25
 15245 | Snake:3  | Found Gokyriy Ynwe's Jewellery Emporium.
 15327 | Snake:3  | Bought the amulet "Sanifoem" {RegenMP Str+4 Dex+3 SInv} for 726 gold pieces
 15327 | Snake:3  | Bought the cursed ring "Mudghyav" {rF+ rC+ Int-2 Stlth+} for 263 gold pieces
 15388 | Snake:4  | Entered Level 4 of the Snake Pit
 15388 | Snake:4  | Found Jari's General Store.
 16393 | Snake:4  | Reached skill level 15 in Fighting
 16463 | Snake:4  | Got a serpentine rune of Zot
 17105 | Elf:1    | Reached XP level 19. HP: 201/201 MP: 22/27
 17120 | Elf:2    | Reached skill level 23 in Maces & Flails
 18014 | Elf:3    | Cast into level 3 of the Abyss (a deep elf sorcerer)
 18066 | Abyss:5  | Entered Level 5 of the Abyss
 18156 | Elf:3    | Escaped the Abyss
 18198 | Elf:3    | Reached skill level 10 in Shields
 18205 | Elf:3    | Killed from afar by a deep elf annihilator

Vault maps used:
D:1:      dpeg_arrival_castle
D:2:      minmay_cupped
D:3:      yredelemnul_forgotten_temple_becter, nicolae_overflow_crystal_walls,
          nicolae_overflow_hidden_temple
D:4:      lemuel_coloured_pillars_altar, first_bread, grunt_ministairs_8,
          minmay_misc_feat_cross
D:5:      portal_sewer_entry_a
D:6:      vehumet_statue, lemuel_round_altar, basic_altar, bloody_makhleb
D:7:      lemuel_doored_altar, kennysheep_little_box, temple_garden,
          uniq_duvessa
D:8:      minmay_overflow_temple_star_quad, grunt_dithmenos_smoke
D:9:      ashenzari_altar_1
D:10:     lair_0_dummy, hangedman_tell_no_tales, dk_vineyard_2,
          nicolae_blasting_shop
D:11:     orc_0_dummy
D:12:     minivault_14, lemuel_angel_altar, uniq_sonja
D:13:     david_vaults_1
D:14:     special_room, hangedman_decor_lopped
D:15:     grunt_enter_depths_magical_seal, serial_park_tiny_pond,
          lab_entry_generic, nicolae_trove_entry_free_sample, basic_altar
Lair:1:   guppyfry_lair_drakes, lemuel_fruit_tree
Lair:3:   swamp_mist_pool, guppyfry_snake_entry_garden, grunt_megastairs_2,
          serial_bayou_shore_b
Lair:4:   uniq_urug
Lair:5:   uniq_rupert, uniq_kirke
Lair:6:   nicolae_slime_entry_slimehenge
Lair:7:   grunt_megastairs_4
Lair:8:   due_jungle_book
Swamp:1:  evilmike_swamp_ruin_house_2
Swamp:2:  evilmike_swamp_ruin_house_3
Swamp:3:  evilmike_swamp_ruin_wall, swamp_pool4
Swamp:4:  swamp_fiery
Snake:1:  hangedman_snake_corridor_cut
Snake:2:  basic_altar, uniq_nikola, uniq_aizul
Snake:3:  serial_shops, shop
Snake:4:  johnstein_snake_rune_scales, serial_shops, nicolae_shop_waterfront
Orc:1:    uniq_josephine
Orc:2:    grunt_orc_gardens, grunt_orc_garden, grunt_orc_garden,
          grunt_orc_garden, grunt_orc_garden, serial_shops, shop
Elf:1:    serial_shops, nicolae_shop_behind_doors, minmay_elf_sorcery,
          hangedman_elf_simple_split
Elf:3:    minmay_elf_hall, spider_trap, grunt_ministairs_5
Abyss:3:  evilmike_abyss_exit_mutagenic, evilmike_abyss_rune_curve
Abyss:4:  abyss_rune_water_cross
Abyss:5:  nicolae_abyss_rune_more_like_crabyss
Lab:      labyrinth_spiral, nicolae_lab_flowing_pool, labyrinth_glass_1,
          nicolae_lab_grate, nicolae_lab_checkerboard
Sewer:    kennysheep_pipe_town

Action                   |  1- 3 |  4- 6 |  7- 9 | 10-12 | 13-15 | 16-18 | 19-21 || total
-------------------------+-------+-------+-------+-------+-------+-------+-------++-------
Melee: Club              |    31 |       |       |       |       |       |       ||    31
       Flail             |     8 |    49 |   382 |     2 |       |       |       ||   441
       Giant spiked club |       |    11 |    55 |       |       |   120 |       ||   186
       Unarmed           |       |       |    32 |       |       |       |       ||    32
       Mace              |       |       |       |   382 |   542 |  1495 |   241 ||  2660
 Fire: Blowgun           |       |       |       |     1 |       |       |       ||     1
Throw: Large rock        |    24 |    16 |    14 |    45 |    99 |    88 |    27 ||   313
       Throwing net      |     3 |     8 |       |       |       |       |       ||    11
 Cast: Statue Form       |       |       |       |       |       |    21 |    16 ||    37
Invok: Slouch            |       |       |     2 |     7 |    10 |    14 |     6 ||    39
       Bend Time         |       |       |     1 |     3 |     3 |     5 |       ||    12
       Temporal Distorti |       |       |       |       |     3 |     5 |       ||     8
 Abil: End Transformatio |       |       |       |       |       |     1 |       ||     1
Evoke: Wand              |       |       |     4 |     2 |       |    17 |     3 ||    26
       Sack of spiders   |       |       |       |       |     1 |       |       ||     1
       Deck              |       |       |       |       |       |     3 |       ||     3
  Use: Scroll            |     3 |     4 |     7 |    10 |     8 |    21 |     2 ||    55
       Potion            |       |     1 |     2 |     1 |     3 |     8 |     2 ||    17
 Stab: Held in net/web   |     1 |     1 |       |       |       |       |       ||     2
       Sleeping          |       |       |     3 |     1 |     3 |    16 |     2 ||    25
       Distracted        |       |       |       |     1 |     1 |       |       ||     2
       Invisible         |       |       |       |       |       |       |     2 ||     2
  Eat: Chunk             |       |     1 |     6 |    12 |     9 |     7 |     2 ||    37
       Fruit             |       |       |       |       |       |    10 |       ||    10
       Royal jelly       |       |       |       |       |       |     5 |       ||     5
       Beef jerky        |       |       |       |       |       |     2 |     6 ||     8
       Pizza             |       |       |       |       |       |     1 |       ||     1
